[Event "*** Titled Tuesday Blitz"]
[Site "Chess.com"]
[Date "2020.05.05"]
[Round "2"]
[White "AndrewDGreen"]
[Black "Usurpov"]
[Result "1-0"]
[WhiteElo "2279"]
[BlackElo "2460"]
[TimeControl "180+1"]
[EndTime "10:18:27 PDT"]
[Termination "AndrewDGreen won on time"]

1. e4 c5 2. Nf3 e6 3. c3 d5 4. exd5 exd5 5. d4 a6 6. Nbd2 Nc6 7. Bd3 cxd4 8. cxd4 Bd6 9. O-O Nge7 10. Re1 O-O 11. Nf1 h6 12. Ne3 Re8 13. a3 Qb6 14. Bc2 Bd7 15. Qd3 f5 16. Bd2 Qb5 17. Qc3 Rac8 18. Qb3 g6 19. Qxb5 axb5 20. Bb3 Be6 21. Rac1 Bf7 22.
Nc2 Kg7 23. h4 Kf6 24. g3 Kg7 25. Kg2 Rcd8 26. Re2 Ng8 27. Rce1 Nf6 28. Rxe8 Rxe8 29. Rxe8 Nxe8 30. Nce1 Nf6 31. Nd3 Ne4 32. Bf4 Be7 33. Be5+ Kg8 34. Nf4 Na5 35. Bxd5 Nc4 36. Nxg6 Bxd5 37.
Nxe7+ Kf7 38. Nxd5 Nxb2 39. Ne3 Ke6 40. d5+ Kd7 41.
Bxb2 1-0

[Event "*** Titled Tuesday Blitz"]
[Site "Chess.com"]
[Date "2020.05.05"]
[Round "2"]
[White "Falia-p"]
[Black "Rsnr"]
[Result "0-1"]
[WhiteElo "2372"]
[BlackElo "2712"]
[TimeControl "180+1"]
[EndTime "10:18:28 PDT"]
[Termination "Rsnr won by checkmate"]

1. e4 c6 2. Nc3 d5 3. Nf3 Bg4 4.
h3 Bh5 5. exd5 cxd5 6. d4 Nc6 7. Bb5 e6 8. O-O Bd6 9. Re1 Ne7 10. Ne2 Qc7 11. Qd3 O-O 12. c3 Rac8 13. Bg5 f6 14. Bh4 Nf5 15. g4 Nxh4 16. Nxh4 Bf7 17. Ba4 g6 18.
Bc2 e5 19. dxe5 fxe5 20. Bb3 e4 21. Qd2 Rcd8 22. Rad1 Qe7 23. Ng2 Ne5 24. Nd4 Bc5 25. Qe3 Qf6 26. Kh1 Nf3 27. Re2 g5 28. a4 Kh8 29. Ba2 a5 30. Qc1 Bg6 31. Ne3 Bxd4 32. cxd4 Nxd4 33. Red2 Qf3+ 34. Kh2 Qf4+ 35. Kg2 Nf3 36.
Rxd5 Qh2+ 37. Kf1 Qg1+ 38. Ke2 Nd4+ 39. R5xd4 Qxf2# 0-1

[Event "*** Titled Tuesday Blitz"]
[Site "Chess.com"]
[Date "2020.05.05"]
[Round "2"]
[White "m-garcett"]
[Black "WastefulJustice"]
[Result "0-1"]
[WhiteElo "2025"]
[BlackElo "2363"]
[TimeControl "180+1"]
[EndTime "10:18:28 PDT"]
[Termination "WastefulJustice won by resignation"]

1. e4 d6 2. d4 Nf6 3. Nc3 c5 4.
Nf3 cxd4 5. Nxd4 a6 6. Bg5 e6 7. f4 Qb6 8. Qd2 Qxb2 9. Nb3 Qa3 10. Be2 Be7 11. O-O Nbd7 12. f5 O-O 13. Nd4 Nc5 14. fxe6 Bxe6 15. Nxe6 fxe6 16. Bd3 Qa5 17. Nd5 Qxd2 18.
Nxe7+ Kf7 19. Bxd2 Kxe7 20. Rab1 b5 21. e5 dxe5 22. Bb4 Rac8 23. Rfe1 e4 24. Bxe4 Nxe4 25. Rxe4 Rf5 26. Rbe1 Rc6 27. Re5 Kf6 28. Bc3 Rxe5 29. Rxe5 Kf7 30. Bb4 Nd7 31. Re2 Nf6 32. c3 Nd5 33.
Rf2+ Kg6 34. Ba5 Rc4 35. a3 Nxc3 36. Re2 Nxe2+ 0-1

[Event "*** Titled Tuesday Blitz"]
[Site "Chess.com"]
[Date "2020.05.05"]
[Round "2"]
[White "Msb2"]
[Black "KoustavChatterjee1"]
[Result "0-1"]
[WhiteElo "2913"]
[BlackElo "2583"]
[TimeControl "180+1"]
[EndTime "10:18:29 PDT"]
[Termination "KoustavChatterjee1 won by resignation"]

1. d4 Nf6 2. c4 e6 3. Nc3 Bb4 4. e3 O-O 5. Bd2 d5 6. Nf3 b6 7. cxd5 exd5 8. Bd3 Bb7 9. O-O Nbd7 10. Rc1 a6 11. Ne5 Bd6 12. f4 c5 13. Qf3 Re8 14. Be1 b5 15. Bh4 Be7 16. Kh1 b4 17. Ne2 Ne4 18.
Bxe7 Rxe7 19. Bxe4 dxe4 20. Qh3 cxd4 21. Nxd4 Nxe5 22.
fxe5 Rxe5 23. Qg3 Qg5 24. Qf2 Bd5 25. Rc7 Re7 26. Rfc1 Rxc7 27. Rxc7 Qd8 28. Rc5 Rc8 29. Qc2 Rxc5 30. Qxc5 Bxa2 31. Qxb4 h6 32. h3 Qg5 33. Qc3 Qg3 34. Qc8+ Kh7 35. Qf5+ Qg6 36.
Qf4 Bc4 37. Kh2 Bd3 38. b3 f6 39. Qc7 Qg5 40. Ne6 Qe5+ 41. Qxe5 fxe5 42. Kg3 Kg6 43. Kf2 Kf6 44. Nc5 Ke7 45. h4 Kd6 46. Na4 Bc2 47. Nc3 Kc5 48. Ke1 Kb4 49. Kd2 Kxb3 50. Nd5 a5 51.
Nb6 Bd3 52. Nd7 a4 53. Nc5+ Kb4 54. Nd7 a3 55. Kc1 Kc3 56. Nb6 a2 57. Na4+ Kb3 58.
Nc5+ Kc4 0-1

[Event "*** Titled Tuesday Blitz"]
[Site "Chess.com"]
[Date "2020.05.05"]
[Round "2"]
[White "NodariousBIG"]
[Black "Natalya_Buksa"]
[Result "1-0"]
[WhiteElo "2727"]
[BlackElo "2497"]
[TimeControl "180+1"]
[EndTime "10:18:29 PDT"]
[Termination "NodariousBIG won by checkmate"]

1. e4 c5 2. c3 Nf6 3. e5 Nd5 4. d4 cxd4 5. Qxd4 e6 6. Qe4 Nc6 7. Nf3 d6 8. c4 Nb6 9. Bg5 Be7 10.
Bxe7 Qxe7 11. exd6 Qxd6 12. Nc3 O-O 13. Rd1 Qc5 14.
a3 f5 15. Qe3 Qxe3+ 16. fxe3 a5 17. Nb5 e5 18. c5 Na4 19. Ng5 h6 20. b3 Nxc5 21.
Bc4+ Kh8 22. h4 e4 23. Rd6 Ne5 24. Bd5 Ra6 25. Rxa6 bxa6 26. Nd6 Bd7 27. Kd2 Bc6 28. Ngf7+ Kh7 29. Bxc6 Nxf7 30. Nxf5 Ne5 31. Nd4 Nxb3+ 32. Kc3 Nxd4 33. Bxe4+ Nf5 34. Rf1 g6 35. h5 Kg7 36.
hxg6 Nd6 37. Bf3 Nxf3 38. gxf3 Kxg6 39. f4 Rc8+ 40. Kd3 Nb5 41. a4 Nd6 42. Rb1 Rd8 43. Rb6 Kf5 44. Ke2 h5 45. Rxa6 Nc4 46. Kf3 h4 47. e4# 1-0

[Event "*** Titled Tuesday Blitz"]
[Site "Chess.com"]
[Date "2020.05.05"]
[Round "2"]
[White "maciek_92"]
[Black "PlayChessSimple"]
[Result "1-0"]
[WhiteElo "2708"]
[BlackElo "2482"]
[TimeControl "180+1"]
[EndTime "10:18:29 PDT"]
[Termination "maciek_92 won on time"]

1. e4 e6 2. d4 d5 3. Nd2 Nf6 4. e5 Nfd7 5. Bd3 c5 6. c3 Nc6 7. Ne2 cxd4 8. cxd4 Nb6 9. a3 a5 10. b3 a4 11. b4 Bd7 12. O-O Rc8 13. f4 g6 14. f5 gxf5 15. Nf3 Be7 16. Nf4 Na7 17. Qe2 Nc4 18. Nh5 Rg8 19. Bh6 Bb5 20. Bg7 Nc6 21. Bf6 Qb6 22. Bxe7 Nxd4 23. Nf6+ Kxe7 24. Nxg8+ Rxg8 25. Nxd4 Qxd4+ 26. Kh1 Rxg2 27. Qxg2 Qxd3 28. Rf3 Qd4 29.
Re1 Nxe5 30. Qg5+ Kd7 31. Rxf5 exf5 32. Qxf5+ Kc6 33. Qxe5 Qxe5 34. Rxe5 Bd3 35. Kg1 Be4 36. Re7 Kb5 37. Rxb7+ Kc4 38. Re7 Kb3 39. b5 1-0

[Event "*** Titled Tuesday Blitz"]
[Site "Chess.com"]
[Date "2020.05.05"]
[Round "2"]
[White "tteshan"]
[Black "NikolaGry"]
[Result "0-1"]
[WhiteElo "2217"]
[BlackElo "2607"]
[TimeControl "180+1"]
[EndTime "10:18:29 PDT"]
[Termination "NikolaGry won by resignation"]

1. d4 d5 2. c4 Nc6 3. cxd5 Qxd5 4. Nf3 e5 5. e3 exd4 6. Nxd4 Nxd4 7. exd4 Nf6 8. Nc3 Qd8 9. Bc4 Be7 10. O-O O-O 11.
h3 a6 12. Re1 b5 13. Bb3 Bb7 14. Bf4 Re8 15. Rc1 Bd6 16. Rxe8+ Nxe8 17. Qd2 Nf6 18.
Ne2 Qf8 19. Ng3 g6 20. Bh6 Qd8 21. Qg5 Ne4 22. Nxe4 Bxe4 23. Qe3 Bb7 24. Re1 Bf8 25. Bg5 Qd7 26. Bf6 Bd5 27. Bxd5 Qxd5 28. Qe5 Qxe5 29. Bxe5 c5 30. dxc5 Bxc5 31. Bc3 Rd8 32. g3 Bf8 33. b4 Bg7 34. Re2 Bxc3 35. Rc2 Bxb4 36. a4 bxa4 37. Rc6 a5 38. Ra6 a3 39. Kg2 a2 0-1

[Event "*** Titled Tuesday Blitz"]
[Site "Chess.com"]
[Date "2020.05.05"]
[Round "2"]
[White "RaunakSadhwani2005"]
[Black "Gyapiking"]
[Result "1-0"]
[WhiteElo "2871"]
[BlackElo "2457"]
[TimeControl "180+1"]
[EndTime "10:18:29 PDT"]
[Termination "RaunakSadhwani2005 won by checkmate"]

1. e4 Nc6 2. Nc3 e5 3. Bc4 Nf6 4. d3 Na5 5. Nge2 Be7 6. O-O O-O 7. a4 Nxc4 8. dxc4 d6 9. Qd3 Nd7 10. Qg3 Nc5 11. Bh6 Bf6 12. b3 Kh8 13. Be3 Bh4 14. Qf3 f5 15. Bxc5 dxc5 16. Rad1 Qe8 17. exf5 Bxf5 18. Qxb7 Bxc2 19. Rd2 Rb8 20. Qxc7 Bxb3 21.
Qxc5 Rc8 22. Qxa7 Bxc4 23. Qe3 Qg6 24. Ne4 Bd8 25. Nd6 Bg5 26. f4 exf4 27. Nxf4 Bxf4 28. Rxf4 Qb1+ 29. Kf2 Qf1+ 30. Kg3 Rxf4 31. Qxf4 Qe1+ 32. Rf2 Qc3+ 33. Kh4 Ra8 34. Qf8+ Rxf8 35. Rxf8+ Bg8 36. Nf7# 1-0

[Event "*** Titled Tuesday Blitz"]
[Site "Chess.com"]
[Date "2020.05.05"]
[Round "2"]
[White "sergoy"]
[Black "LiderChessAcademy"]
[Result "1-0"]
[WhiteElo "2860"]
[BlackElo "2455"]
[TimeControl "180+1"]
[EndTime "10:18:29 PDT"]
[Termination "sergoy won by resignation"]

1. d4 Nf6 2. Nf3 c5 3. d5 b5 4. c4 bxc4 5. Nc3 d6 6. e4 g6 7. Nd2 Bg7 8. Nxc4 O-O 9. Be2 Ba6 10. O-O Nfd7 11. a4 Nb6 12. Na5 Bxe2 13. Qxe2 e6 14. Bd2 exd5 15. exd5 Re8 16. Qf3 Qc7 17. Nb5 Qd7 18.
Bc3 Bxc3 19. Nxc3 Na6 20. Nc6 f5 21. Rfe1 Nb4 22. a5 Nc4 23. b3 Nd2 24. Rxe8+ Rxe8 25. Qd1 Ne4 26. Nxe4 Rxe4 27. Nxb4 Rxb4 28. h3 Qe7 29.
Qd3 Rd4 30. Qb5 Rxd5 31. a6 Re5 32. Kf1 d5 33. Qb7 c4 34. bxc4 dxc4 35. Rb1 c3 36. g3 c2 37. Qc8+ Kg7 38. Rb7 Re1+ 39. Kg2 Qxb7+ 40.
axb7 c1=Q 41. Qxc1 Rxc1 42. b8=Q h5 43. Qxa7+ Kh6 44.
Qe3+ 1-0

[Event "*** Titled Tuesday Blitz"]
[Site "Chess.com"]
[Date "2020.05.05"]
[Round "2"]
[White "kakakz"]
[Black "mrkvoz"]
[Result "0-1"]
[WhiteElo "2432"]
[BlackElo "2811"]
[TimeControl "180+1"]
[EndTime "10:18:29 PDT"]
[Termination "mrkvoz won on time"]

1. d4 d6 2. c4 e5 3. dxe5 dxe5 4.
Qxd8+ Kxd8 5. b3 Bb4+ 6. Bd2 Bxd2+ 7. Nxd2 a5 8. O-O-O Ke7 9. g3 Na6 10. Bh3 Bxh3 11.
Nxh3 Nf6 12. Nf3 Ng4 13. Kb2 f6 14. Rd2 Rhd8 15. Rhd1 Rxd2+ 16. Rxd2 Nc5 17. Nh4 g6 18. f4 e4 19. Ng2 f5 20. Ng1 Nxh2 21. Ne3 c6 22. Nh3 Nd7 23. Nf2 Nf6 24. c5 h5 25.
Nc4 Nhg4 26. Nxg4 hxg4 27. Rd6 Rh8 28. Ne5 Rh2 29. Nxg6+ Kf7 30. Ne5+ Kg7 31. Re6 Rxe2+ 32. Ka3 Nd5 33. Rg6+ Kf8 34. Rg5 Ne3 35. Nd7+ Kf7 36.
Ne5+ Ke6 37. Rg7 Nf1 38. Rg6+ Kd5 39. b4 axb4+ 40. Kxb4 Kd4 41. Rd6+ Ke3 42. Nc4+ Kf2 43. Rd7 Nxg3 44. Rxb7 e3 45. a4 Re1 46. Kc3 e2 47.
Rb2 Rc1+ 48. Kd4 Kg1 49. Rxe2 Nxe2+ 50. Kd3 Nxf4+ 51. Kd4 Ne6+ 0-1

[Event "*** Titled Tuesday Blitz"]
[Site "Chess.com"]
[Date "2020.05.05"]
[Round "2"]
[White "ClassyEl"]
[Black "HanSchut"]
[Result "1/2-1/2"]
[WhiteElo "2546"]
[BlackElo "2241"]
[TimeControl "180+1"]
[EndTime "10:18:29 PDT"]
[Termination "Game drawn by repetition"]

1. d4 Nf6 2. Bg5 d5 3. Bxf6 exf6 4. e3 Bd6 5. g3 c6 6. Bg2 O-O 7. Ne2 Re8 8. O-O Bg4 9. b3 Qb6 10. Qd3 Bxe2 11. Qxe2 Qxd4 12. c3 Qe5 13. Rd1 Nd7 14. Qc2 Rad8 15. Nd2 Qe7 16. Rac1 Ne5 17. c4 Ba3 18. Rb1 dxc4 19. Nxc4 Nxc4 20. Qxc4 Qc5 21. Qxc5 Bxc5 22. Kf1 Kf8 23. Ke2 Ke7 24. h4 Rxd1 25.
Rxd1 Rd8 26. Rxd8 Kxd8 27. Kd3 Ke7 28. Be4 g6 29. h5 f5 30. Bf3 Kd6 31. Kc4 Ba3 32. Kd3 b5 33. e4 fxe4+ 34. Bxe4 f5 35. Bf3 a6 36. Bd1 Bc5 37. f4 Bf2 38. g4 Bg3 39. Ke3 c5 40. g5 Be1 41. hxg6 hxg6 42. Bf3 Bc3 43. Bb7 a5 44. Ba6 Kc6 45. Bc8 Kd6 46.
Kd3 Bb2 47. Ke3 Bc1+ 48. Kf3 c4 49. bxc4 bxc4 50. Ba6 c3 51. Bd3 Kc5 52. Bc2 Kb4 53.
Bxf5 gxf5 54. g6 c2 55. g7 Bb2 56. g8=Q c1=Q 57. Qb8+ Kc5 58. Qc7+ Kb4 59. Qb6+ Kc4 60. Qc6+ Kb4 61. Qb6+ Kc4 62. Qc6+ Kb4 63. Qb6+ 1/2-1/2

[Event "*** Titled Tuesday Blitz"]
[Site "Chess.com"]
[Date "2020.05.05"]
[Round "2"]
[White "Kapibara_Warri0r"]
[Black "rynos0411"]
[Result "0-1"]
[WhiteElo "2091"]
[BlackElo "2385"]
[TimeControl "180+1"]
[EndTime "10:18:29 PDT"]
[Termination "rynos0411 won on time"]

1. e4 c6 2. d4 d5 3. Nc3 dxe4 4. Nxe4 Bf5 5. Ng3 Bg6 6. h4 h6 7. Nf3 Nf6 8. h5 Bh7 9. Bd3 Bxd3 10. Qxd3 Nbd7 11. Bd2 e6 12. Nf1 Qc7 13. Ne3 O-O-O 14. O-O-O Nc5 15. Qe2 Nce4 16. Kb1 Bd6 17. Nc4 Nxd2+ 18.
Qxd2 Bf4 19. Qe2 Kb8 20. Nfe5 Rhf8 21. g3 Bxe5 22. Nxe5 c5 23. c3 Nd5 24. Rc1 Qb6 25. Rhd1 f6 26. dxc5 Qxc5 27. Ng6 Rfe8 28. c4 Nc7 29. Nf4 Qc6 30. Qc2 a6 31. Re1 e5 32.
Ng6 Ne6 33. f4 Nd4 34. Qc3 Qd7 35. fxe5 Qf5+ 36. Ka1 fxe5 37. g4 Qg5 38. Qg3 Ne2 0-1

[Event "*** Titled Tuesday Blitz"]
[Site "Chess.com"]
[Date "2020.05.05"]
[Round "2"]
[White "Rytenko_V"]
[Black "pandamaster3000"]
[Result "1-0"]
[WhiteElo "2472"]
[BlackElo "2245"]
[TimeControl "180+1"]
[EndTime "10:18:30 PDT"]
[Termination "Rytenko_V won by resignation"]

1. e4 c5 2. Nf3 d6 3. d4 cxd4 4. Nxd4 Nf6 5. Nc3 a6 6. f3 e5 7. Nde2 Be7 8. g4 h6 9. Be3 Be6 10. Qd2 d5 11. exd5 Nxd5 12. Nxd5 Qxd5 13. Qxd5 Bxd5 14. Bg2 Nc6 15. Nc3 Be6 16. O-O-O O-O 17. Ne4 Rfd8 18. Bc5 Rac8 19. Bxe7 Rxd1+ 20. Rxd1 Nxe7 21. b3 Nd5 22. Rd2 Kf8 23. Kb2 Ke7 24. c4 Nf4 25. Bf1 h5 26. g5 f5 27. gxf6+ gxf6 28. a4 h4 29. Kc3 h3 30. Kb4 Rg8 31. Ng3 b6 32. a5 bxa5+ 33. Kxa5 Rb8 34. b4 Bc8 35. c5 Ne6 36. Nf5+ Kf8 37. Nd6 Nd4 38. Rxd4 exd4 39. c6 Be6 40. c7 Rc8 41. Nxc8 Bxc8 42.
Bxa6 Be6 43. c8=Q+ Bxc8 44. Bxc8 d3 45. Bf5 d2 46.
Bc2 1-0

[Event "*** Titled Tuesday Blitz"]
[Site "Chess.com"]
[Date "2020.05.05"]
[Round "2"]
[White "ChainsOfFantasia"]
[Black "mjray79"]
[Result "1-0"]
[WhiteElo "2474"]
[BlackElo "2255"]
[TimeControl "180+1"]
[EndTime "10:18:31 PDT"]
[Termination "ChainsOfFantasia won by checkmate"]

1. d4 Nf6 2. Nf3 g6 3. c4 Bg7 4. Nc3 O-O 5. e4 d6 6. Be2 e5 7.
O-O Nc6 8. d5 Ne7 9. Ne1 Nd7 10.
f3 f5 11. Be3 f4 12. Bf2 g5 13.
Nd3 Ng6 14. Rc1 Rf7 15. c5 Nxc5 16. Nxc5 dxc5 17. Bxc5 h5 18. d6 Be6 19. dxc7 Rxc7 20. Qxd8+ Rxd8 21. Bxa7 Rd2 22. Rf2 Rxb2 23. Bc4 Rxc4 24.
Rxb2 g4 25. Ne2 Ra4 26. Bf2 h4 27. Nc3 Rc4 28. Rxb7 g3 29. Ba7 h3 30. a4 Nh4 31. hxg3 fxg3 32. Ne2 Rxa4 33. Nxg3 hxg2 34. Nf5 Bxf5 35. exf5 Ra2 36. Bf2 Nxf3+ 37. Kxg2 e4 38.
Rc8+ Kh7 39. f6 e3 40. Kxf3 Kh6 41. fxg7 Rxf2+ 42. Kxe3 Rg2 43. Rh8+ Kg5 44. g8=Q+ Kf5 45. Rf7+ Ke6 46. Qe8+ Kd6 47. Rh6+ Kc5 48. Qc6+ Kb4 49. Rb7+ Ka3 50. Qa6# 1-0

[Event "*** Titled Tuesday Blitz"]
[Site "Chess.com"]
[Date "2020.05.05"]
[Round "2"]
[White "pgradalski"]
[Black "plumalka"]
[Result "0-1"]
[WhiteElo "2209"]
[BlackElo "2443"]
[TimeControl "180+1"]
[EndTime "10:18:31 PDT"]
[Termination "plumalka won by checkmate"]

1. e4 c5 2. c3 d5 3. exd5 Qxd5 4. d4 Nc6 5. Nf3 e6 6. Be3 cxd4 7. cxd4 Nf6 8. Nc3 Qd6 9. Be2 Be7 10. O-O O-O 11. Rc1 b6 12. Nb5 Qd7 13. Ne5 Nxe5 14. dxe5 Qxd1 15. Rfxd1 Nd5 16. Bf3 Nxe3 17. fxe3 Rb8 18.
Nxa7 Bb7 19. Nc6 Bxc6 20. Rxc6 Bc5 21. Kf2 Rfd8 22. a3 Rxd1 23. Bxd1 Rd8 24. b4 Be7 25.
Be2 Rb8 26. Rc7 Bd8 27. Ra7 Kf8 28. b5 Rc8 29. a4 Rc5 30. Ra8 Ke7 31. Ra7+ Rc7 32.
Ra6 Rc5 33. Ra8 Rxe5 34. Bf3 Rc5 35. Bc6 Rc2+ 36. Kf3 Ra2 37. Ra7+ Kf6 38. Rd7 Be7 39. Rb7 Bc5 40. Ra7 Ra3 41. Kf4 Bxe3+ 42. Ke4 Bc5 43. g3 g5 44. h4 Re3# 0-1

[Event "*** Titled Tuesday Blitz"]
[Site "Chess.com"]
[Date "2020.05.05"]
[Round "2"]
[White "ZverevLev"]
[Black "GMJustin"]
[Result "0-1"]
[WhiteElo "2051"]
[BlackElo "2371"]
[TimeControl "180+1"]
[EndTime "10:18:31 PDT"]
[Termination "GMJustin won on time"]

1. e4 c5 2. Nf3 d6 3. d4 cxd4 4. Nxd4 Nf6 5. Nc3 a6 6. Bg5 Nbd7 7. f4 Qc7 8. Qf3 b5 9. O-O-O Bb7 10. Bd3 g6 11. g4 Bg7 12. Nb3 Rc8 13. Kb1 b4 14. Nd5 Nxd5 15. exd5 Nb6 16. Be4 Na4 17. f5 Bxb2 18.
fxg6 hxg6 19. Rhf1 f6 20. Bxg6+ Kd8 21. Rde1 fxg5 22.
Qf8+ Rxf8 23. Rxf8+ Kd7 24. Bf5+ e6 25. dxe6+ Kc6 26. Rxc8 Bxc8 27. e7 Bxf5 28. e8=Q+ Bd7 0-1

[Event "*** Titled Tuesday Blitz"]
[Site "Chess.com"]
[Date "2020.05.05"]
[Round "2"]
[White "Andrei_Belozerov"]
[Black "AnishGiri"]
[Result "0-1"]
[WhiteElo "2586"]
[BlackElo "3052"]
[TimeControl "180+1"]
[EndTime "10:18:32 PDT"]
[Termination "AnishGiri won by resignation"]

1. e4 c5 2. Nf3 d6 3. d4 cxd4 4. Nxd4 Nf6 5. Nc3 a6 6. Be3 e5 7. Nb3 Be7 8. f3 Be6 9. Qd2 h5 10. Nd5 Bxd5 11. exd5 Nbd7 12. Be2 Qc7 13. O-O Nb6 14.
Bf2 Nbxd5 15. Rfd1 h4 16. Qa5 Qc6 17. c4 Nf4 18.
Bf1 Rh5 19. Qe1 h3 20. g3 Ne6 21. c5 d5 22. Na5 Qc7 23. b4 Rd8 24. Be2 Rf5 25. Rac1 Ng5 26. Rc3 d4 27. Rb3 Kf8 28.
Nc4 Qc6 29. Nd2 d3 30. Bxd3 Nxf3+ 31. Nxf3 Qxf3 32. Qf1 Ng4 33. Be2 Qxf2+ 34. Qxf2 Rxd1+ 35. Bxd1 Nxf2 36. Be2 e4 0-1

[Event "*** Titled Tuesday Blitz"]
[Site "Chess.com"]
[Date "2020.05.05"]
[Round "2"]
[White "1f3_2g41-0"]
[Black "mirciulica14"]
[Result "0-1"]
[WhiteElo "2300"]
[BlackElo "2625"]
[TimeControl "180+1"]
[EndTime "10:18:32 PDT"]
[Termination "mirciulica14 won on time"]

1. e4 e5 2. Nf3 Nc6 3. Bb5 a6 4.
Ba4 Nf6 5. O-O b5 6. Bb3 Bc5 7. c3 d6 8. d4 Bb6 9. Re1 O-O 10.
h3 h6 11. Be3 exd4 12. cxd4 Re8 13. Nbd2 d5 14. e5 Ne4 15. Rc1 Ne7 16. Nxe4 dxe4 17.
Nd2 Bb7 18. Qh5 Rf8 19. Bxh6 gxh6 20. Nxe4 Kg7 21. Re3 Ng6 22. e6 fxe6 23. Bxe6 Qxd4 24. Bf5 Rxf5 25. Qxf5 Rf8 26. Qg4 Rf4 27. Qe6 Rxe4 28. Rxe4 Bxe4 29. Kh1 Qd5 30. Qc8 Bxg2+ 31. Kh2 Be4 32.
Rg1 Qe5+ 33. Rg3 Bxf2 34. Qd7+ Kf6 35. Qd8+ Ke6 36. Qe8+ Kd5 37. Qd7+ Kc5 0-1

[Event "*** Titled Tuesday Blitz"]
[Site "Chess.com"]
[Date "2020.05.05"]
[Round "2"]
[White "Evgeny81"]
[Black "MFBerna"]
[Result "1-0"]
[WhiteElo "2676"]
[BlackElo "2327"]
[TimeControl "180+1"]
[EndTime "10:18:32 PDT"]
[Termination "Evgeny81 won on time"]

1. d4 d5 2. c4 e6 3. Nc3 Be7 4. cxd5 exd5 5. Bf4 c6 6. e3 Nf6 7. Bd3 O-O 8. Nge2 Re8 9. Qc2 Nbd7 10. O-O-O b5 11. g4 a5 12. g5 Nh5 13. Bxh7+ Kh8 14.
Nxd5 Nxf4 15. Ndxf4 Bxg5 16. h4 Bh6 17. Be4 Ra7 18.
Rdg1 Nf6 19. Bf5 Qd6 20. Kb1 Rc7 21. Bxc8 Rcxc8 22. Rg5 Ne4 23. Rh5 Kg8 24. Rg1 Kf8 25.
Rg2 c5 26. d5 Nf6 27. Rf5 Re5 28. Ng3 Bxf4 29. Rxf4 Rxd5 30. Rg1 Rd2 31. Qc1 Qd3+ 32. Ka1 c4 33. Rd4 Rc2 34. Rxd3 cxd3 35. Qb1 d2 36.
Ne2 Ne4 37. Nc3 R8xc3 38. bxc3 Rxc3 39. Qxe4 Rc1+ 40. Qb1 Rxb1+ 41. Kxb1 Ke7 42. Kc2 1-0

[Event "*** Titled Tuesday Blitz"]
[Site "Chess.com"]
[Date "2020.05.05"]
[Round "2"]
[White "Al_Shima"]
[Black "barbara25"]
[Result "1-0"]
[WhiteElo "2452"]
[BlackElo "2215"]
[TimeControl "180+1"]
[EndTime "10:18:32 PDT"]
[Termination "Al_Shima won by resignation"]

1. b3 Nf6 2. Bb2 e6 3. e3 d5 4. f4 Be7 5. Nf3 O-O 6. Bd3 c5 7. O-O Nc6 8. Ne5 Ne4 9. Nxc6 bxc6 10. Nc3 f5 11. Na4 a5 12. Qe2 Rb8 13. Ba3 c4 14. Bxe7 cxd3 15. cxd3 Qxe7 16. dxe4 dxe4 17. Qc4 Rd8 18.
Rfd1 Rb4 19. Qxc6 Bd7 20. Qc7 Rc8 21. Qxa5 Bxa4 22. bxa4 Rcb8 23. Rac1 Qe8 24. Qe5 Rxa4 25. Rc7 Qg6 26. Rxg7+ Qxg7 27. Qxb8+ Qf8 28. Qxf8+ Kxf8 29. Ra1 Ra3 30. Kf2 Ke7 31. Ke2 Kd6 32. Kd1 Kd5 33. Kc2 Kc4 34. h3 h5 35. g3 Ra7 36. a4 Kc5 37. Kc3 Kb6 38. Kb4 Ka6 39. Kc5 Rg7 40. Kd6 Rxg3 41. Kxe6 Rxh3 42. Kxf5 Rh2 43. Kxe4 Rxd2 44.
Rh1 1-0

[Event "*** Titled Tuesday Blitz"]
[Site "Chess.com"]
[Date "2020.05.05"]
[Round "2"]
[White "VladimirBelous"]
[Black "louis198"]
[Result "0-1"]
[WhiteElo "2723"]
[BlackElo "2525"]
[TimeControl "180+1"]
[EndTime "10:18:33 PDT"]
[Termination "louis198 won by resignation"]

1. Nf3 d5 2. c4 e6 3. g3 g6 4. Bg2 Bg7 5. O-O Ne7 6. d4 O-O 7. Qc2 Nbc6 8. Rd1 a5 9. Bf4 Nf5 10. e3 h5 11. Nc3 Nce7 12. e4 dxe4 13. Nxe4 Nd6 14. Ne5 Nef5 15. Nc3 g5 16. Be3 Nxe3 17. fxe3 Nf5 18. Nf3 Nxe3 19. Qd2 Nxd1 20. Rxd1 g4 21. Nh4 Ra6 22. Ne4 f5 23. Nc5 Rd6 24. d5 f4 25. Ng6 f3 26. Nxf8 Qxf8 27. Bf1 exd5 28. cxd5 Bf5 29. Bc4 b6 30. Nd3 Bh6 31. Nf4 Bd7 32.
Kf2 b5 33. Bb3 a4 34. Bc2 Bxf4 35. Qxf4 Qxf4 36. gxf4 Kg7 37. h3 Kf6 38. hxg4 hxg4 39.
Be4 Bf5 40. Ke3 Bxe4 41. Kxe4 c6 42. Rh1 cxd5+ 43. Ke3 d4+ 44. Kf2 Kf5 45. Kg3 d3 46.
Rh5+ Ke4 47. Re5+ Kd4 48. Kxg4 d2 0-1

[Event "*** Titled Tuesday Blitz"]
[Site "Chess.com"]
[Date "2020.05.05"]
[Round "2"]
[White "Volovier"]
[Black "Kassimov_B"]
[Result "1-0"]
[WhiteElo "2722"]
[BlackElo "2494"]
[TimeControl "180+1"]
[EndTime "10:18:33 PDT"]
[Termination "Volovier won by resignation"]

1. d4 Nf6 2. c4 b6 3. Nc3 Bb7 4. Nf3 g6 5. Bf4 Bg7 6. e3 O-O 7.
h3 d5 8. Be2 Nbd7 9. O-O a6 10.
Ne5 Ne4 11. Nxd7 Nxc3 12. bxc3 Qxd7 13. cxd5 Bxd5 14. Bf3 e6 15. Bxd5 exd5 16. Qc2 c5 17. Qb3 Qc6 18. Rab1 b5 19. a4 bxa4 20. Qb7 Rfc8 21.
Qxc6 Rxc6 22. Ra1 cxd4 23. cxd4 Rc4 24. Rfb1 Bf8 25. Rb6 a3 26. Bd6 Ra4 27. Bxf8 Kxf8 28. Rb3 a2 29. Kf1 Ke7 30. Ke2 Ra7 31. Rb2 a5 32.
Rbxa2 Rxa2+ 33. Rxa2 Kd6 34. Kd3 Kc6 35. g4 f5 36.
gxf5 gxf5 37. Kc3 h5 38. h4 Ra6 39. Ra1 Ra7 40. Rg1 Kb5 41. Rg5 Rc7+ 42. Kb2 Kc4 43. Rxf5 Rb7+ 44. Ka2 Rb5 45. Rxh5 Kc3 46. f4 Kd3 47. Re5 Kc2 48. h5 a4 49. h6 Kc3 50.
h7 Rb2+ 51. Ka1 Rh2 52. Re7 a3 53. Rb7 Kd3 54. f5 Kxe3 55. f6 Kxd4 56. f7 Rxh7 57. Rb4+ Kc5 58. f8=Q+ 1-0

[Event "*** Titled Tuesday Blitz"]
[Site "Chess.com"]
[Date "2020.05.05"]
[Round "2"]
[White "Taron_Shagbazyan"]
[Black "ahachess"]
[Result "1-0"]
[WhiteElo "2639"]
[BlackElo "2346"]
[TimeControl "180+1"]
[EndTime "10:18:33 PDT"]
[Termination "Taron_Shagbazyan won on time"]

1. d4 Nf6 2. c4 g6 3. g3 Bg7 4. Bg2 O-O 5. Nc3 d6 6. e3 Nc6 7.
Nge2 e5 8. O-O Bg4 9. h3 Bd7 10. b3 Qc8 11. Kh2 Nh5 12. Bb2 f5 13. f4 e4 14. a3 Nf6 15. b4 Ne7 16. d5 Rf7 17.
Nd4 c5 18. dxc6 bxc6 19. Qb3 d5 20. Rfd1 Be8 21. Na4 Rf8 22. Nc5 Bf7 23. Bf1 dxc4 24. Bxc4 Nfd5 25. Rac1 Rb8 26. Kg1 a5 27. Nc2 axb4 28.
axb4 Bxb2 29. Qxb2 Qd8 30. Kf2 Nc8 31. Nd4 Rxb4 32.
Qa3 Rxc4 33. Rxc4 Nd6 34. Rcc1 Qb8 35. Nd7 Qc7 36. Nxf8 1-0

[Event "*** Titled Tuesday Blitz"]
[Site "Chess.com"]
[Date "2020.05.05"]
[Round "2"]
[White "tioloko"]
[Black "51616516516"]
[Result "1-0"]
[WhiteElo "2625"]
[BlackElo "2295"]
[TimeControl "180+1"]
[EndTime "10:18:33 PDT"]
[Termination "tioloko won on time"]

1. d4 Nf6 2. Nf3 g6 3. c4 Bg7 4. Nc3 d6 5. e4 O-O 6. h3 a6 7.
Be3 c5 8. dxc5 Qa5 9. Qd2 dxc5 10. Bd3 Rd8 11. O-O Nxe4 12. Nxe4 Qxd2 13. Nfxd2 Rxd3 14.
Nxc5 Rd8 15. Rab1 Nc6 16. b3 Bf5 17. Rbd1 Rab8 18. Nf3 e5 19. Rfe1 e4 20. Nd2 Bd4 21. Ndxe4 Bxe4 22. Nxe4 Bxe3 23. fxe3 Rxd1 24. Rxd1 Kg7 25.
Rd7 Re8 26. Nd6 Rxe3 27. Rxf7+ Kh6 28. Rxb7 Re2 29. Rb6 Ne5 30. Rxa6 Nd3 31. Nf7+ Kg7 32.
Ng5 Nf4 33. Ra7+ Kf6 34. Nxh7+ Ke6 35. Kf1 Rxg2 36. Ra6+ Ke5 37. Ra5+ Kd4 38. Nf6 1-0

[Event "*** Titled Tuesday Blitz"]
[Site "Chess.com"]
[Date "2020.05.05"]
[Round "2"]
[White "swimmerchess"]
[Black "Petrosyan_Tigran"]
[Result "1/2-1/2"]
[WhiteElo "2731"]
[BlackElo "2514"]
[TimeControl "180+1"]
[EndTime "10:18:34 PDT"]
[Termination "Game drawn by agreement"]

1. e4 e5 2. Nf3 Nc6 3. Bb5 a6 4.
Ba4 Nf6 5. O-O Be7 6. Re1 b5 7. Bb3 d6 8. c3 O-O 9. h3 Nb8 10. d4 Nbd7 11. Nbd2 c5 12. d5 c4 13. Bc2 Nc5 14. b4 cxb3 15. axb3 Qc7 16. b4 Ncd7 17. Bb2 Nb6 18. Qe2 Nh5 19. Ra3 Nf4 20. Qf1 f5 21.
Rea1 fxe4 22. Bxe4 Bb7 23. g3 Nfxd5 24. Qd3 Nf6 25.
Bxb7 Qxb7 26. Qe2 Rfe8 27. c4 bxc4 28. Nxc4 Nxc4 29. Qxc4+ d5 30. Qe2 e4 31. Nd4 Qxb4 32. Rxa6 Rxa6 33. Rxa6 Bc5 34. Nf5 Qc4 35. Qxc4 dxc4 36.
Nxg7 Kxg7 37. Rxf6 Kg8 38. Rc6 Ba7 39. Rxc4 e3 40.
fxe3 Rxe3 41. Rg4+ Kf8 42. Kf1 Rf3+ 43. Ke1 Bb8 44. Ke2 Rxg3 45. Rxg3 Bxg3 46. Kf3 Bh4 47.
Kg4 Be7 48. Kh5 Kg8 1/2-1/2